 Dungeon Crawl Stone Soup version 0.30-a0-55-g90e3122c3a (webtiles) character file.

Game seed: 11127105725269055410

264 Decritt the Gusty (level 6, 0/36 HPs)
             Began as a Tengu Air Elementalist on Sept 9, 2022.
             Killed from afar by Ijyb (7 damage)
             ... with a puff of flame
             ... on level 2 of the Dungeon.
             The game lasted 00:14:49 (4676 turns).

Decritt the Gusty (Tengu Air Elementalist)          Turns: 4676, Time: 00:14:50

Health: 0/36       AC:  2    Str:  8    XL:     6   Next: 19%
Magic:  2/11       EV: 15    Int: 18    God:
Gold:   152        SH:  0    Dex: 14    Spells: 3/11 levels left

rFire   . . .      SeeInvis .    j - +0 spear (freeze)
rCold   . . .      Faith    .    (no shield)
rNeg    . . .      Spirit   .    a - +0 robe
rPois   +          Reflect  .    (helmet restricted)
rElec   .          Harm     .    (no cloak)
rCorr   .          Rampage  .    (no gloves)
Will    .....                    (boots unavailable)
Stlth   ++........               s - amulet of the acrobat
HPRegen 0.12/turn                n - ring of poison resistance
MPRegen 0.12/turn                (no ring)

@: flying quickly and evasively, quick
A: beak, talons 3, nimble flight
a: no special abilities


You were on level 2 of the Dungeon.
You visited 1 branch of the dungeon, and saw 4 of its levels.

You collected 152 gold pieces.

Inventory:

Hand Weapons
 i - a +0 falchion of holy wrath
 j - a +0 spear of freezing (weapon)
 v - a +1 dagger of venom
Missiles
 f - 13 poisoned darts (quivered)
Armour
 a - a +0 robe (worn)
 c - a +0 leather armour
Jewellery
 n - a ring of poison resistance (left hand)
 s - an amulet of the acrobat (around neck)
Scrolls
 e - a scroll of poison {unknown}
 h - a scroll of enchant weapon {unknown}
 o - a scroll of immolation {unknown}
 q - a scroll of identify {unknown}
 r - a scroll of blinking {unknown}
Potions
 b - 2 potions of magic
 g - a potion of ambrosia {unknown}
 l - a potion of curing
 p - a potion of attraction {unknown}
 w - a potion of brilliance {unknown}


   Skills:
 + Level 2.6 Fighting
 + Level 2.9 Dodging
 - Level 2.0 Stealth
 - Level 3.0 Spellcasting
 - Level 1.4 Conjurations
 * Level 6.8 Air Magic


You had 3 spell levels left.
You knew the following spells:

 Your Spells              Type           Power      Damage    Failure   Level
a - Shock                 Conj/Air       68%        1d7       3%          1
b - Airstrike             Air            13%        2d(2-18)  10%         4
c - Swiftness             Air            27%        N/A       3%          3

Your spell library contained the following spells:

 Spells                   Type           Power      Damage    Failure   Level
 Static Discharge         Conj/Air       34%        3-6/arc   4%          2
 Poisonous Vapours        Pois/Air       28%        N/A       6%          2
 Slow                     Hex            8%         N/A       16%         1
 Sting                    Tmut/Pois      8%         1d3       16%         1
 Confusing Touch          Hex            2%         N/A       43%         3
 Portal Projectile        Hex/Tloc       4%         N/A       43%         3
 Tukima's Dance           Hex            2%         N/A       43%         3
 Olgreb's Toxic Radiance  Pois           2%         N/A       85%         4
 Yara's Violent Unravell  Hex/Tmut       1%         3d3       99%         5


Dungeon Overview and Level Annotations

Branches:
Dungeon (4/15)
 Temple: D:4-7

Altars:
Kikubaaqudgha
Zin

Shops:
D:2 (   D:3 *

Annotations:
D:2 Ijyb
D:4 Pikel


Innate Abilities, Weirdness & Mutations

You have a beak for a mouth.
You have claws for feet.
Your magical nature lets you fly swiftly and evasively.


Message History

Aiming: Shock (safe; 3% risk of failure)
Press: ? - help, Shift-Dir - straight line The zap hits Ijyb but does no damage.
Ijyb is heavily wounded.
Ijyb hits you but does no damage.
Casting: Shock (safe; 3% risk of failure)
Confirm with . or Enter, or press ? or * to list all spells.
Aiming: Shock (safe; 3% risk of failure)
Press: ? - help, Shift-Dir - straight line The zap hits Ijyb but does no damage.
Ijyb is heavily wounded.
Ijyb hits you with a +0 dagger.
* * * LOW HITPOINT WARNING * * *
You hit Ijyb but do no damage.
Ijyb is heavily wounded.
Ijyb completely misses you.
You hit Ijyb. You freeze Ijyb. You claw Ijyb, but do no damage.
Ijyb is severely wounded.
Ijyb hits you but does no damage.
You barely miss Ijyb. You claw Ijyb, but do no damage.
Ijyb is severely wounded.
Ijyb barely misses you.
You closely miss Ijyb. Your kick misses Ijyb.
Ijyb is severely wounded.
Ijyb zaps a wand.
The puff of flame misses you.
You hit Ijyb but do no damage. You claw Ijyb, but do no damage.
Ijyb is severely wounded.
Ijyb zaps a wand.
The puff of flame misses you. Ijyb misses you.
You hit Ijyb. You freeze Ijyb.
Ijyb is severely wounded.
Ijyb hits you with a +0 dagger.
* * * LOW HITPOINT WARNING * * *
Casting: Shock (safe; 3% risk of failure)
Confirm with . or Enter, or press ? or * to list all spells.
Aiming: Shock (safe; 3% risk of failure)
Press: ? - help, Shift-Dir - straight line The zap hits Ijyb but does no damage.
Ijyb is severely wounded.
Ijyb zaps a wand.
The puff of flame hits you!
You die...

....# ####..### ....#
..^.....
....######.....########
.#......(.†....#...g..#
.#.............#.####.#
.#.........#...#.####.#
.#######.......#.#.<..#
...........#.#.#.#..$.#
.#######..##...g@.....#
.#...........#.##)#####
.#.......###.#..).>#
.#.......##..#.##.##
##.......##..####.#
#######.....# ###
####..# #..# #### #....


You could see Ijyb.

Vanquished Creatures
  A phantom (D:3)
  2 lemures
  3 vampire bats (D:3)
  A gnoll (D:1)
  5 orcs (D:3)
  3 ball pythons
  3 bats
  4 bat skeletons (D:3)
  2 bat zombies (D:3)
  An endoplasm (D:1)
  A giant cockroach (D:1)
  6 goblins
  6 hobgoblins
  4 jackals (D:2)
  A quokka (D:2)
  2 frilled lizards (D:2)
  4 kobolds
  3 rats
52 creatures vanquished.

Vanquished Creatures (others)
  2 plants (D:1)
  4 withered plants (D:1)
6 creatures vanquished.

Grand Total: 58 creatures vanquished

Notes
Turn   | Place    | Note
-------+----------+-------------------------------------------
     0 | D:1      | Decritt the Tengu Air Elementalist began the quest for the
                  | Orb.
     0 | D:1      | Reached XP level 1. HP: 10/10 MP: 4/4
   315 | D:1      | Reached XP level 2. HP: 16/16 MP: 0/6
   662 | D:1      | Found a faded altar of an unknown god.
  1226 | D:2      | Reached skill level 1 in Fighting
  1312 | D:2      | Found Cacwemon's Antique Weapon Emporium.
  1316 | D:2      | Reached XP level 3. HP: 17/20 MP: 7/7
  1925 | D:3      | Noticed a phantom
  1956 | D:3      | Killed a phantom
  1957 | D:3      | Reached skill level 5 in Air Magic
  1957 | D:3      | Reached XP level 4. HP: 7/26 MP: 1/9
  2282 | D:3      | Noticed Ijyb
  2318 | D:2      | Gained mutation: Your magical nature lets you fly swiftly
                  | and evasively. [Tengu growth]
  2318 | D:2      | Reached XP level 5. HP: 23/30 MP: 10/10
  2753 | D:1      | Learned a level 4 spell: Airstrike
  2757 | D:1      | Learned a level 3 spell: Swiftness
  3065 | D:3      | Found Zin's Purification Station.
  3068 | D:3      | Found a glowing silver altar of Zin.
  3109 | D:3      | Reached skill level 6 in Air Magic
  3578 | D:3      | Found an ancient bone altar of Kikubaaqudgha.
  3674 | D:3      | Reached XP level 6. HP: 34/36 MP: 4/11
  3900 | D:4      | Got the Cyclopedia of Charms
  3915 | D:4      | Noticed Pikel
  4676 | D:2      | Killed from afar by Ijyb

Illustrated notes

Levels and vault maps discovered:
D:1:      lemuel_arrival_lava_pool, layout_rooms,
          shapermc_ecumenical_altar_flowoftime
D:2:      layout_basic, serial_shops, nicolae_square_shop
D:3:      layout_basic, zin_purify, kennysheep_vampire_church,
          minmay_misc_feat_hallway, uniq_ijyb
D:4:      layout_rooms, mainiacjoe_overflow_catwalk,
          mainiacjoe_overflow_small_starburst, uniq_pikel

Skill      XL: |  1  2  3  4  5 |
---------------+----------------+-----
Fighting       | 1 2 |  2.6
Air Magic      | 5 6 |  6.8
Spellcasting   | 3 |  3.0
Dodging        | |  2.9
Stealth        | |  2.0
Conjurations   | |  1.4

Action                   |  1- 3 |  4- 6 || total
-------------------------+-------+-------++-------
Melee: Flail             |     6 |       ||     6
       Spear             |    43 |    24 ||    67
       Kick              |    29 |    17 ||    46
       Peck              |    12 |     8 ||    20
       Dagger            |       |    31 ||    31
Throw: Dart              |     2 |    15 ||    17
 Cast: Shock             |    40 |    57 ||    97
       Airstrike         |       |     4 ||     4
  Use: Potion            |     2 |     1 ||     3
       Scroll            |       |     6 ||     6
Armor: Leather armour    |     9 |    20 ||    29
       Robe              |       |     8 ||     8
Dodge: Dodged            |    42 |   110 ||   152

Table legend: (Time is in decaauts)
 A = Elapsed time spent in this place.
 B = Non-inter-level travel time spent in this place.
 C = Inter-level travel time spent in this place.
 D = Time resting spent in this place.
 E = Time spent auto-exploring this place.
 F = Levels seen in this place.
 G = Mean time per level.
                   A        B        C        D        E       F      G
               +--------+--------+--------+--------+--------+-----+--------+
         Total |   4604 |   4522 |     82 |   2042 |   1684 |   4 | 1151.0 |
       Dungeon |   4604 |   4522 |     82 |   2042 |   1684 |   4 | 1151.0 |
               +--------+--------+--------+--------+--------+-----+--------+

Top non-repeatable levels by time:
     D:3: 2037 daAuts
     D:2: 1268 daAuts
     D:1: 1154 daAuts
     D:4: 144 daAuts
